 Dungeon Crawl Stone Soup version 0.31.0-12-g77e489cdc1 (webtiles) character file.

Game seed: 13916334118388944263

529 Peloso the Covered (level 7, -3/7 HPs)
             Began as a Minotaur Fighter on Feb 18, 2024.
             Was a Follower of Okawaru.
             Slain by an iguana (10 damage)
             ... on level 6 of the Dungeon.
             The game lasted 00:11:50 (3614 turns).

Peloso the Covered (Minotaur Fighter)               Turns: 3614, Time: 00:11:51

Health: -3/7       AC:  7    Str: 21    XL:     7   Next: 3%
Magic:  6/6        EV: 12    Int:  5    God:    Okawaru [*.....]
Gold:   161        SH:  5    Dex: 11    Spells: 6/6 levels left

rFire   . . .        a - +0 long sword
rCold   . . .        d - +0 buckler
rNeg    + . .        u - melded +0 chain mail
rPois   ∞            (helmet restricted)
rElec   +            (no cloak)
rCorr   .            c - melded +0 pair of gloves
SInv    .            (boots currently unavailable)
Will    .....        (no amulet)
Stlth   +            (no ring)
HPRegen 0.21/turn    (no ring)
MPRegen 0.10/turn

%: no passive effects
@: statue-form, very slow
A: slow and powerful, torment resistance 1, reduced hp, horns 2, retaliatory
headbutt
a: Begin Untransformation, Renounce Religion, Heroism


You were on level 6 of the Dungeon.
You worshipped Okawaru.
Okawaru was aware of your devotion.
You were a living statue of rough stone.
You visited 2 branches of the dungeon, and saw 7 of its levels.

You collected 161 gold pieces.

Inventory:

Hand Weapons
 a - a +0 long sword (weapon)
Missiles
 k - a throwing net (quivered)
Armour
 b - a +0 scale mail
 c - a +0 pair of gloves (melded)
 d - a +0 buckler (worn)
 u - a +0 chain mail (melded)
 w - a +0 plate armour
Talismans
 v - a granite talisman (active)
Wands
 r - a wand of mindburst (15)
Scrolls
 e - 2 scrolls of enchant armour
 f - 4 scrolls of teleportation
 i - a scroll of poison {unknown}
 l - 2 scrolls of enchant weapon
 q - 2 scrolls of identify
 s - a scroll of noise {unknown}
Potions
 g - 2 potions of cancellation
 h - a potion of attraction
 j - a potion of curing
 m - a potion of heal wounds
 n - 2 potions of might
 o - a potion of lignification
 p - 2 potions of enlightenment
 t - 2 potions of degeneration {unknown}


   Skills:
 + Level 5.0 Fighting
 + Level 5.4 Long Blades
 + Level 6.1 Armour
 + Level 2.1 Dodging
 + Level 0.3 Stealth
 + Level 4.8 Shields


You had 6 spell levels left.
You didn't know any spells.
Your spell library contained the following spells:

 Spells                   Type           Power      Damage    Failure   Level
 Apportation              Tloc           0%         N/A       54%         1
 Freeze                   Ice            0%         1d3       54%         1
 Magic Dart               Conj           0%         1d3       54%         1
 Necrotise                Necr           0%         1d4       54%         1
 Sting                    Conj/Alch      0%         1d3       54%         1
 Blink                    Tloc           0%         N/A       67%         2
 Dazzling Flash           Conj/Hex       0%         N/A       88%         3
 Frozen Ramparts          Ice            0%         1d1       88%         3
 Hailstorm                Conj/Ice       0%         3d5       88%         3
 Mephitic Cloud           Conj/Alch/Air  0%         N/A       88%         3
 Curse of Agony           Necr           0%         N/A       100%        5
 Silence                  Hex/Air        0%         N/A       100%        5
 Summon Small Mammal      Summ           Unusable   N/A       N/A         1
 Call Imp                 Summ           Unusable   N/A       N/A         2

Dungeon Overview and Level Annotations

Branches:
Dungeon (6/15)             Temple (1/1) D:4

Altars:
Ashenzari
Cheibriados
Dithmenos
Hepliaklqana
Kikubaaqudgha
Makhleb
Nemelex Xobeh
Okawaru
Qazlal
Ru
Sif Muna
Trog
Uskayaw
Vehumet
Xom
Yredelemnul
Zin

Shops:
D:5 (

Annotations:
D:3 1 transporter, Chiseanne's ghost, amateur DsWn


Innate Abilities, Weirdness & Mutations

You are a living statue of rough stone.
Your actions are slow, but your melee attacks are powerful.
You are resistant to unholy torment.
Your maximum health is decreased, since you lack skill for your form.
Your equipment is partially melded.
You are immune to poison.
You have a pair of horns on your head.
You reflexively headbutt those who attack you in melee.


Message History

Okawaru accepts your kill. The adder barely misses you.
The adder closely misses you. You block the adder's attack.
Your Fighting skill increases to level 5!
Your Armour skill increases to level 6!
You have reached level 7!
You miss the adder. Your headbutt misses the adder. The adder bites you.
The adder bites you but does no damage.
You barely miss the adder. Your headbutt misses the adder.
The adder bites you but does no damage. x2
You completely miss the adder. Your headbutt misses the adder.
The adder bites you but does no damage. The adder closely misses you.
You furiously retaliate!
You headbutt the adder, but do no damage.
You barely miss the adder. The adder bites you but does no damage.
The adder misses you.
You slash the adder!
You kill the adder!
Okawaru accepts your kill.
Found a plate armour.
You see here a +0 plate armour.
w - a +0 plate armour You hear the slow rusting of a drain very nearby.
You hear the sound of rushing water.
There is an entrance to a sewer on this level.
Hurry and find it before the portal rusts away!
Welcome back, Peloso the Minotaur Fighter.
Okawaru says: Bring me glory in combat!
Press ? for a list of commands and other information.
Found a scroll of identify.
q - 2 scrolls of identify (gained 1)
An iguana comes into view.
The iguana hisses angrily.
The iguana misses you.
You barely miss the iguana. Your headbutt misses the iguana.
You block the iguana's attack.
You hit the iguana but do no damage.
You headbutt the iguana, but do no damage.
The iguana bites you!
Ouch! That really hurt!
You die...

###........
##.......###
#...........
##...##..#..#
##..#.##..##.#
#..##.#....... #
#.............
#~#####.............
#..8l..##..##.......
######..........
####........ .......
##..... ##...


You could see an iguana.

Vanquished Creatures
  A centaur (D:5)
  A scorpion (D:5)
  A howler monkey (D:4)
  2 hounds
  2 iguanas (D:4)
  3 orc wizards (D:5)
  Robin (D:3)
  6 adders
  A dart slug (D:2)
  2 ribbon worms (D:2)
  5 orcs (D:5)
  5 ball pythons
  6 bats
  5 endoplasms
  2 giant cockroaches (D:2)
  17 goblins
  9 hobgoblins
  4 jackals (D:2)
  11 kobolds
  3 quokkas
  2 frilled lizards (D:2)
  4 rats
93 creatures vanquished.

Notes
Turn   | Place    | Note
-------+----------+-------------------------------------------
     0 | D:1      | Peloso the Minotaur Fighter began the quest for the Orb.
     0 | D:1      | Reached XP level 1. HP: 19/19 MP: 0/0
   178 | D:1      | Reached XP level 2. HP: 25/27 MP: 1/1
   684 | D:1      | Reached skill level 4 in Armour
   940 | D:2      | Reached XP level 3. HP: 29/33 MP: 2/2
  1284 | D:2      | Reached XP level 4. HP: 28/40 MP: 3/3
  1627 | D:2      | Reached skill level 1 in Dodging
  1756 | D:3      | Noticed Robin
  1899 | D:3      | Killed Robin
  1992 | D:3      | Noticed Chiseanne's ghost (amateur DsWn)
  1993 | D:3      | Found a transporter.
  1994 | D:3      | Noticed an ogre
  1995 | D:3      | Noticed an ogre
  2098 | D:3      | Reached XP level 5. HP: 41/46 MP: 4/4
  2413 | D:4      | Reached skill level 5 in Armour
  2487 | D:4      | Found a staircase to the Ecumenical Temple.
  2507 | Temple   | Entered the Ecumenical Temple
  2528 | Temple   | Became a worshipper of Warmaster Okawaru
  2554 | D:4      | Noticed a +0 dagger
  2555 | D:4      | Noticed a +0 dagger
  2561 | D:4      | Found a hide-covered altar of Uskayaw.
  2672 | D:4      | Reached XP level 6. HP: 43/53 MP: 5/5
  2810 | D:4      | Found a broken altar of Ashenzari.
  2842 | D:4      | Identified the +7 short sword of Foomnux {freeze, rElec
                  | rCorr}
  2871 | D:5      | Entered Level 5 of the Dungeon
  2888 | D:5      | Reached skill level 5 in Long Blades
  3071 | D:5      | Reached * piety under Okawaru
  3077 | D:5      | Identified the +0 leather armour of the Centaur {rPois}
  3521 | D:5      | Found Baxzia's Weapon Shop.
  3574 | D:6      | Reached skill level 5 in Fighting
  3574 | D:6      | Reached skill level 6 in Armour
  3574 | D:6      | Reached XP level 7. HP: 7/61 MP: 6/6
  3614 | D:6      | Slain by an iguana

Illustrated notes

Levels and vault maps discovered:
D:1:      heliophobic_arrival_ceremonial_halls, layout_loops_corners
D:2:      layout_loops_ring
D:3:      layout_basic, gammafunk_ghost_smash, uniq_robin
D:4:      layout_rooms, dancing_weapons_uskayaw, ashenzari_altar_1,
          temple_statues
D:5:      cheibrodos_quashed, layout_cave_pools, serial_shops,
          nicolae_lakefront_shop, serial_glass, glass_columns_a,
          glass_columns_a, glass_columns_a, glass_columns_c, glass_columns_c,
          glass_columns_b
D:6:      layout_cave_pools, amcnicky_altar_gilded,
          mainiacjoe_overflow_catch_the_wave, gammafunk_ghost_grave,
          mainiacjoe_sewer_entry_somewhere_in_here_2
Temple:   regret_index_temple_waves

Skill      XL: |  1  2  3  4  5  6 |
---------------+-------------------+-----
Shields        | 4 |  4.8
Fighting       | 4 5 |  5.0
Armour         | 4 5 6 |  6.1
Long Blades    | 3 4 5 |  5.4
Dodging        | 1 2 |  2.1
Stealth        | |  0.3

Action                     |  1- 3 |  4- 6 |  7- 9 || total
---------------------------+-------+-------+-------++-------
  Melee: Long sword        |    87 |   141 |     7 ||   235
         Headbutt          |    14 |    25 |     1 ||    40
    Use: Potion            |     5 |       |       ||     5
         Scroll            |     4 |     5 |       ||     9
 Armour: Scale mail        |    79 |   135 |       ||   214
         Skin              |       |       |     7 ||     7
  Dodge: Dodged            |    53 |   100 |     3 ||   156
  Block: Buckler           |    23 |    37 |     1 ||    61
   Form: Statue            |       |     1 |       ||     1
